Map: Jagannatha LE

Players

Probe - Winner!

  • Race: Protoss Protoss

Demi

  • Race: Zerg Zerg
  • League: Grandmaster

Event: DreamHack SC2 Masters 2021 Summer

VOD

Have the link to the VOD?

Description

Time

  • Played on: May 19, 2021, 6:34 a.m.
  • Length: 18:39

All games in this series

Show
View Real Time Build Order
Export as new Build Order

Probe Protoss - Winner!

Build Orders:  

Get SALT Encoding   

  12  0:00  Probe  
  13  0:12  Probe  
  14  0:20  Pylon  
  14  0:24  Probe  
  15  0:38  Probe (Chrono Boost)  
  16  0:44  Gateway  
  16  0:47  Probe (Chrono Boost)  
  17  0:51  Assimilator  
  17  0:52  Probe (Chrono Boost)  
  18  1:04  Probe  
  19  1:23  Pylon  
  19  1:26  Gateway  
  19  1:30  Zealot (Chrono Boost)  
  19  1:32  Cybernetics Core  
  21  1:33  Cybernetics Core  
  21  1:37  Probe  
  22  1:48  Zealot (Chrono Boost)  
  24  1:57  Probe  
  25  2:09  Probe  
  25  2:12  Adept (Chrono Boost)  
  30  2:19  Adept (Chrono Boost)  
  30  2:20  Cybernetics Core  
  30  2:21  Probe  
  31  2:28  Pylon  
  31  2:41  Cybernetics Core  
  31  2:46  Probe  
  32  2:53  Nexus  
  33  2:58  Probe  
  33  3:03  Assimilator  
  33  3:10  Probe  
  34  3:22  Probe  
  34  3:24  Stargate  
  35  3:31  Warp Gate  
  35  3:33  Shield Battery  
  35  3:34  Probe  
  36  3:47  Probe  
  37  3:57  Pylon  
  37  3:59  Probe, Void Ray (Chrono Boost)  
  38  4:09  Probe  
  43  4:11  Probe  
  44  4:21  Probe (Chrono Boost)  
  42  4:25  Probe (Chrono Boost)  
  43  4:33  Probe (Chrono Boost)  
  43  4:35  Probe (Chrono Boost), Oracle  
  47  4:40  Probe x2 (Chrono Boost)  
  47  4:45  Adept x2  
  53  4:48  Probe  
  53  4:49  Probe  
  53  4:50  Pylon  
  55  5:00  Probe  
  55  5:01  Probe  
  57  5:10  Pylon  
  57  5:12  Probe  
  57  5:13  Void Ray  
  58  5:19  Probe  
  61  5:23  Nexus  
  61  5:24  Probe  
  61  5:26  Assimilator  
  61  5:27  Assimilator  
  61  5:28  Stargate  
  62  5:30  Shield Battery  
  62  5:32  Adept  
  62  5:33  Adept  
  62  5:35  Probe  
  67  5:40  Probe  
  68  5:47  Probe  
  69  5:51  Pylon, Void Ray (Chrono Boost)  
  69  5:52  Probe  
  69  5:54  Pylon  
  74  5:57  Forge  
  74  6:01  Probe  
  75  6:04  Probe  
  75  6:05  Void Ray (Chrono Boost)  
  76  6:13  Probe  
  76  6:15  Pylon  
  76  6:16  Probe  
  82  6:23  Void Ray (Chrono Boost)  
  82  6:25  Probe  
  83  6:28  Probe  
  88  6:37  Probe  
  88  6:39  Probe, Protoss Ground Weapons Level 1 (Chrono Boost)  
  90  6:40  Probe  
  90  6:42  Gateway x2  
  90  6:46  Twilight Council  
  91  6:48  Assimilator  
  91  6:49  Probe  
  91  6:51  Probe, Assimilator  
  93  7:00  Probe  
  94  7:02  Probe  
  94  7:06  Probe  
  96  7:08  Gateway x2  
  96  7:12  Probe, Pylon  
  96  7:15  Probe  
  98  7:19  Gateway  
  98  7:20  Gateway, Zealot  
  98  7:22  Probe, Photon Cannon  
  101  7:24  Pylon  
  101  7:25  Charge (Chrono Boost)  
  101  7:32  Templar Archives  
  101  7:34  Probe  
  101  7:36  Probe  
  103  7:47  Zealot x3  
  109  7:55  Pylon x2  
  109  7:56  Pylon  
  109  8:02  Phoenix  
  109  8:03  Phoenix  
  109  8:05  Photon Cannon  
  113  8:10  Gateway  
  113  8:12  Gateway, Pylon  
  110  8:13  Sentry  
  110  8:14  Psionic Storm  
  110  8:18  High Templar x2  
  116  8:27  High Templar  
  116  8:30  High Templar  
  115  8:45  Photon Cannon  
  115  8:50  High Templar x2, Zealot  
  115  8:51  Zealot x3  
  115  8:54  Robotics Facility  
  115  8:55  Nexus  
  127  8:57  Phoenix (Chrono Boost)  
  131  9:06  Shield Battery  
  131  9:08  Pylon  
  131  9:09  Probe x2  
  133  9:11  Archon  
  133  9:14  Stalker  
  133  9:15  Photon Cannon  
  132  9:19  Probe, Phoenix (Chrono Boost)  
  132  9:23  Pylon  
  132  9:24  Pylon  
  122  9:35  Stalker x3  
  122  9:36  Stalker x2  
  116  9:43  Probe  
  116  9:44  Phoenix x2 (Chrono Boost)  
  116  9:52  Zealot x3  
  126  9:59  Probe  
  127  10:00  Phoenix (Chrono Boost)  
  127  10:04  High Templar x2  
  133  10:10  Probe x2  
  133  10:11  Archon  
  133  10:12  Phoenix (Chrono Boost)  
  137  10:26  Zealot x6  
  137  10:27  Zealot  
  151  10:29  Probe x3  
  156  10:48  Stalker x2  
  147  11:06  Stalker  
  147  11:12  Probe x2  
  140  11:18  Stalker x4  
  148  11:27  Nexus  
  148  11:28  Phoenix  
  145  11:35  Pylon  
  145  11:37  Pylon x2  
  145  11:41  Pylon x2  
  145  11:42  Pylon x2  
  145  11:46  Phoenix  
  137  11:59  Stalker x8  
  125  12:11  Phoenix  
  125  12:13  Probe  
  128  12:18  Probe  
  115  12:35  Zealot  
  115  12:36  Zealot x5  
  85  13:11  Phoenix  
  81  13:12  High Templar  
  81  13:13  High Templar x4  
  81  13:18  Archon x2  
  71  13:36  Probe, Phoenix  
  71  13:37  Probe  
  71  13:41  Zealot x3  
  69  13:47  Pylon  
  69  13:48  Probe x2  
  69  13:50  High Templar x2  
  69  13:51  High Templar  
  69  13:52  Probe  
  78  14:00  Probe, Archon  
  78  14:01  Probe, Phoenix  
  82  14:05  Probe  
  82  14:08  Adept  
  85  14:12  Probe  
  85  14:13  Probe  
  85  14:16  Zealot  
  85  14:17  Probe, Zealot  
  92  14:25  Probe x2  
  92  14:28  Phoenix  
  92  14:29  Probe  
  97  14:37  Probe  
  99  14:38  Probe, Phoenix (Chrono Boost)  
  99  14:41  Probe  
  102  14:47  High Templar x2  
  102  14:49  Probe  
  102  14:50  Probe  
  108  14:55  Phoenix (Chrono Boost)  
  110  15:02  Pylon  
  110  15:03  Nexus  
  110  15:08  Stalker  
  112  15:25  High Templar x2  
  112  15:26  Zealot x5  
  126  15:29  Archon  
  126  15:37  Probe x2  
  126  15:38  Pylon  
  126  15:41  Pylon  
  128  15:50  Phoenix (Chrono Boost)  
  128  15:54  Fleet Beacon  
  130  15:59  Zealot  
  132  16:05  Protoss Air Weapons Level 1 (Chrono Boost)  
  132  16:08  Phoenix x2 (Chrono Boost)  
  136  16:17  Zealot  
  136  16:18  Zealot  
  140  16:31  Phoenix x2  
  137  16:36  Probe  
  137  16:37  Anion Pulse-Crystals (Chrono Boost)  
  136  16:41  Probe x2  
  138  16:48  Probe  
  139  16:58  Phoenix x2  
  137  17:01  Observer  
  137  17:05  Photon Cannon  
  138  17:09  High Templar x2  
  138  17:14  Probe x3  
  145  17:29  Assimilator  
  145  17:30  Probe x2  
  145  17:31  Assimilator  
  145  17:32  Zealot  
  145  17:34  Photon Cannon  
  149  17:38  Probe x2  
  149  17:42  Probe  
  149  17:43  Zealot  
  154  17:45  Zealot  
  153  18:03  Zealot  
  153  18:04  Zealot x5  
  163  18:19  Archon  
  143  18:29  Zealot x3  
  143  18:30  Zealot x5  
Show
View Real Time Build Order
Export as new Build Order

Demi Zerg 

Build Orders: Pool First, Muta Ling Bane 

Get SALT Encoding   

  12  0:17  Spawning Pool  
  11  0:22  Drone  
  11  0:26  Drone  
  13  0:31  Drone  
  14  0:42  Overlord  
  16  1:04  Queen, Zergling x4  
  16  1:05  Zergling x2  
  19  1:17  Zergling x2  
  20  1:27  Zergling x2  
  21  1:34  Hatchery  
  21  1:38  Drone  
  21  1:47  Overlord  
  21  2:01  Drone  
  21  2:05  Queen  
  24  2:10  Drone  
  24  2:12  Drone  
  26  2:15  Drone  
  26  2:16  Drone  
  28  2:23  Drone  
  29  2:34  Drone  
  30  2:45  Overlord  
  30  2:50  Queen  
  32  2:53  Drone x2  
  34  2:58  Extractor  
  34  2:59  Drone  
  34  3:00  Drone x2  
  36  3:12  Drone x3  
  36  3:25  Drone x2  
  36  3:26  Drone  
  38  3:27  Drone x3  
  38  3:31  Drone  
  42  3:39  Overlord  
  42  3:41  Drone  
  43  3:47  Drone  
  44  3:56  Overlord  
  44  3:59  Drone x2  
  44  4:00  Drone x3  
  49  4:08  Hatchery  
  46  4:17  Drone x3  
  46  4:20  Drone  
  46  4:22  Drone  
  49  4:30  Metabolic Boost  
  49  4:32  Drone  
  49  4:33  Drone  
  51  4:39  Overlord x3  
  51  4:41  Drone  
  52  4:50  Spore Crawler  
  51  4:57  Queen  
  51  4:59  Drone x4  
  57  5:00  Drone  
  57  5:06  Drone  
  59  5:07  Drone, Roach Warren  
  59  5:08  Drone x2  
  61  5:16  Drone x3  
  64  5:21  Drone  
  64  5:25  Spore Crawler  
  64  5:26  Lair  
  64  5:27  Roach Warren  
  64  5:28  Queen  
  61  5:32  Drone x2  
  61  5:35  Spore Crawler  
  64  5:36  Drone x2  
  64  5:38  Drone  
  67  5:44  Extractor  
  67  5:45  Extractor  
  67  5:47  Drone x4  
  67  5:53  Zergling x6  
  67  5:55  Drone x2  
  73  5:59  Evolution Chamber  
  72  6:09  Extractor x2, Overlord x2  
  70  6:11  Drone x3  
  70  6:12  Drone, Extractor  
  70  6:15  Drone x4  
  76  6:22  Spore Crawler  
  74  6:27  Drone  
  74  6:28  Drone x3  
  75  6:41  Drone x2  
  75  6:44  Spire  
  75  6:47  Zerg Melee Weapons Level 1  
  75  6:48  Overlord x2  
  75  6:50  Drone x3  
  75  6:51  Zergling x2  
  75  6:52  Zergling x6  
  82  6:54  Hatchery  
  82  6:56  Glial Reconstitution  
  82  7:01  Queen  
  81  7:02  Zergling x2  
  81  7:03  Zergling x4  
  86  7:09  Queen  
  86  7:11  Spore Crawler  
  86  7:12  Zergling x2  
  86  7:13  Zergling x4, Spore Crawler  
  89  7:18  Zergling x6  
  89  7:20  Drone x2  
  94  7:29  Drone x2  
  96  7:38  Overlord x2  
  96  7:39  Drone x3  
  98  7:50  Hatchery  
  97  7:55  Queen  
  97  7:59  Zerg Flyer Weapons Level 1  
  97  8:02  Overlord  
  97  8:12  Mutalisk x11  
  99  8:13  Mutalisk x2  
  123  8:27  Mutalisk x3  
  123  8:31  Overlord  
  123  8:32  Overlord x6  
  128  8:36  Extractor  
  128  8:37  Extractor  
  128  8:38  Mutalisk  
  126  8:41  Mutalisk  
  126  8:45  Drone  
  126  8:46  Drone x3  
  129  8:48  Zergling x2  
  129  8:55  Overlord  
  130  8:57  Mutalisk  
  130  9:00  Drone  
  133  9:04  Zerg Melee Weapons Level 2  
  133  9:07  Mutalisk, Baneling Nest  
  134  9:11  Hatchery  
  134  9:15  Zergling x2  
  134  9:16  Zergling x14  
  141  9:33  Mutalisk x4  
  141  9:36  Zergling x6  
  141  9:37  Zergling x12  
  152  9:45  Zergling x8  
  154  9:50  Mutalisk  
  156  9:53  Centrifical Hooks  
  156  9:55  Mutalisk  
  158  10:02  Drone x3  
  158  10:04  Mutalisk  
  163  10:08  Mutalisk  
  163  10:09  Mutalisk  
  163  10:10  Extractor  
  163  10:12  Extractor  
  165  10:23  Mutalisk x3  
  165  10:27  Mutalisk  
  164  10:32  Drone x3  
  164  10:33  Drone x3  
  160  10:50  Mutalisk x5  
  168  10:58  Baneling  
  168  10:59  Baneling x7  
  168  11:03  Zergling x4  
  168  11:04  Zergling x34  
  178  11:06  Baneling  
  178  11:07  Baneling x5  
  178  11:09  Mutalisk  
  178  11:13  Drone x2  
  178  11:31  Mutalisk x5  
  183  11:38  Zerg Flyer Weapons Level 2  
  174  12:01  Zergling x28  
  171  12:02  Zergling x8  
  171  12:07  Pneumatized Carapace  
  176  12:09  Baneling x15  
  176  12:12  Mutalisk  
  176  12:13  Mutalisk x3  
  180  12:19  Baneling x2, Mutalisk  
  142  12:33  Mutalisk x4  
  142  12:36  Zergling x20  
  130  12:37  Queen  
  130  12:42  Zergling x2  
  114  13:03  Mutalisk x5  
  110  13:06  Zergling x6  
  110  13:12  Zergling x6  
  108  13:17  Zergling x2  
  108  13:18  Zergling x4  
  99  13:33  Corruptor x5  
  81  13:38  Queen x2  
  85  13:45  Drone x4  
  85  13:46  Drone x3  
  92  13:49  Queen  
  92  13:50  Spore Crawler x2  
  92  13:54  Zergling x8  
  96  14:02  Roach x2  
  100  14:06  Corruptor  
  100  14:07  Corruptor  
  104  14:11  Roach x2  
  104  14:14  Roach  
  109  14:21  Roach x2  
  109  14:22  Roach  
  110  14:32  Baneling x6, Ravager  
  110  14:35  Baneling  
  110  14:36  Zergling x2  
  110  14:37  Zergling x6  
  105  14:48  Roach x2  
  105  14:49  Roach  
  105  14:50  Zergling x2  
  112  14:54  Ravager  
  112  14:55  Ravager  
  112  14:57  Spore Crawler  
  113  15:03  Drone x3  
  113  15:04  Drone  
  117  15:10  Drone x3  
  115  15:30  Drone x6  
  121  15:47  Hatchery  
  119  15:50  Roach  
  121  16:03  Roach x4  
  121  16:04  Zergling x2  
  129  16:09  Ravager x2  
  129  16:10  Baneling x3  
  129  16:11  Baneling  
  130  16:13  Zergling x2  
  131  16:20  Zergling x6  
  134  16:26  Zergling x2  
  134  16:27  Zergling x4  
  137  16:44  Infestation Pit, Roach x2  
  137  16:45  Roach x2  
  143  17:00  Corruptor x2  
  142  17:06  Baneling x3  
  142  17:16  Spore Crawler  
  142  17:17  Overlord x3  
  141  17:25  Corruptor  
  138  17:37  Drone x3  
  138  17:38  Drone x3  
  138  17:42  Zergling x6  
  147  17:46  Ravager x4  
  142  18:04  Zergling x2  
  142  18:05  Zergling x20  
Tags
 
Add a new tag
Caveats
  • Supply blocks, unpowered buildings, or Contaminate may cause inaccurate times.
  • Supply counts are checked every 10 seconds.